 Dungeon Crawl Stone Soup version 0.31.0-11-ge490571c62 (webtiles) character file.

Game seed: 1595492618964057702

31 qw the Shooter (level 3, 0/18 HPs)
             Began as a Spriggan Hunter on Feb 3, 2024.
             Slain by a ribbon worm (8 damage)
             ... on level 2 of the Dungeon.
             The game lasted 00:00:02 (901 turns).

qw the Shooter (Spriggan Hunter)                     Turns: 901, Time: 00:00:03

Health: 0/18       AC:  2    Str:  7    XL:     3   Next: 7%
Magic:  4/4        EV: 19    Int: 10    God:
Gold:   74         SH:  0    Dex: 20    Spells: 2/2 levels left

rFire   . . .        a - +0 shortbow
rCold   . . .        (shield currently unavailable)
rNeg    . . .        c - +0 robe
rPois   .            (helmet restricted)
rElec   .            (no cloak)
rCorr   .            (gloves unavailable)
SInv    +            (boots unavailable)
Will    .....        (no amulet)
Stlth   ++           (no ring)
HPRegen 0.23/turn    (no ring)
MPRegen 0.09/turn

%: no passive effects
@: very quick
A: very small, no large weapons, unfitting armour, see invisible, speed 3
a: no special abilities


You were on level 2 of the Dungeon.
You visited 1 branch of the dungeon, and saw 2 of its levels.

You collected 74 gold pieces.


Innate Abilities, Weirdness & Mutations

You are very small and have problems with some larger weapons.
You are too small for most types of armour.
You have supernaturally acute eyesight. (SInv)
You cover ground extremely quickly. (Speed+++)


   Skills:
 - Level 1.5 Fighting
 + Level 4.4 Ranged Weapons
 - Level 4.0 Dodging
 - Level 1.5 Stealth


You had 2 spell levels left.
You didn't know any spells.
Your spell library was empty.

Inventory:

Hand Weapons
 a - a +0 shortbow (weapon)
Armour
 c - a +0 robe (worn)
Scrolls
 b - a scroll of teleportation {unknown}
Potions
 d - a potion of heal wounds {unknown}
 e - a potion of mutation {unknown}
 f - a potion of brilliance {unknown}

Dungeon Overview and Level Annotations

Branches:
Dungeon (2/15)

Altars:
Uskayaw


Message History

You hear a shout!
A kobold comes into view. It is wielding a +0 short sword.
You shoot an arrow. The arrow hits the rat.
You kill the rat!
A giant cockroach comes into view.
You shoot an arrow. The arrow completely misses the kobold.
You shoot an arrow. The arrow barely misses the kobold.
The kobold misses you.
You shoot an arrow. The arrow hits the kobold.
The kobold is severely wounded.
The kobold closely misses you.
You shoot an arrow. The arrow closely misses the kobold.
The kobold hits you with a +0 short sword.
You shoot an arrow. The arrow hits the kobold!
You kill the kobold!
The giant cockroach barely misses you. The giant cockroach closely misses you.
A ribbon worm comes into view.
You shoot an arrow.
The arrow barely misses the giant cockroach.
The giant cockroach misses you.
You shoot an arrow.
The arrow closely misses the giant cockroach.
The giant cockroach misses you.
The giant cockroach completely misses you.
You shoot an arrow.
The arrow hits the giant cockroach but does no damage.
The giant cockroach misses you.
You shoot an arrow.
The arrow barely misses the giant cockroach.
The giant cockroach misses you. x2
You shoot an arrow. The arrow hits the ribbon worm.
The ribbon worm is lightly wounded.
The ribbon worm bites you. The giant cockroach bites you.
You shoot an arrow.
The arrow barely misses the ribbon worm.
The giant cockroach misses you. The ribbon worm misses you.
You shoot an arrow. The arrow hits the ribbon worm.
The ribbon worm is lightly wounded.
The giant cockroach barely misses you. The ribbon worm bites you!
You die...

#.# ### ## #.# #.. #.[
#.# #.# #..# . ####.####
#.# ...## .. #.......#
#.###....#... #.##.##.#
#..........#
#.##.##.###.#.##.....##
#.##........<...B......
##.#######......@......#
......# ###.####w.$....
##.##.# #.# .#...## #.#
# #.. .. ..# #.# ####
.#. ## .#. .$.. # # .#
.# .. .#


You could see a ribbon worm and a giant cockroach.

Vanquished Creatures
  4 ball pythons (D:1)
  An endoplasm (D:2)
  A giant cockroach (D:1)
  4 hobgoblins
  2 jackals (D:1)
  A quokka (D:1)
  2 bats (D:1)
  2 frilled lizards (D:1)
  2 goblins (D:1)
  6 kobolds
  5 rats
30 creatures vanquished.

Notes
Turn   | Place    | Note
-------+----------+-------------------------------------------
     0 | D:1      | qw the Spriggan Hunter began the quest for the Orb.
     0 | D:1      | Reached XP level 1. HP: 10/10 MP: 2/2
     0 | D:1      | 0 ||| qw: Version: 0.3-a-157-g843a77d
     0 | D:1      | 0 ||| qw: Game counter: 3904
     0 | D:1      | 0 ||| qw: Melee chars always use a shield: true
     0 | D:1      | 0 ||| qw: God list: Okawaru
     0 | D:1      | 0 ||| qw: Allow faded altars: false
     0 | D:1      | 0 ||| qw: Do Orc after clearing Dungeon:15 true
     0 | D:1      | 0 ||| qw: Do second Lair branch before Depths: true
     0 | D:1      | 0 ||| qw: Lair rune preference: random
     0 | D:1      | 0 ||| qw: Goals: Normal
     0 | D:1      | 0 ||| PLANNING D:1-11
    33 | D:1      | Reached skill level 3 in Dodging
    68 | D:1      | Reached XP level 2. HP: 14/14 MP: 3/3
   639 | D:1      | 639 ||| READING scroll labelled NYMMISH VURGH.
   640 | D:1      | 640 ||| READING scroll labelled VUSEPS IDE DEQ.
   641 | D:1      | 641 ||| READING scroll labelled ITAUBB ZESKOHAME.
   642 | D:1      | 642 ||| DROPPING scroll of butterflies.
   730 | D:2      | Found a hide-covered altar of Uskayaw.
   753 | D:2      | Found a faded altar of an unknown god.
   881 | D:2      | Reached XP level 3. HP: 18/18 MP: 4/4
   901 | D:2      | Slain by a ribbon worm

Levels and vault maps discovered:
D:1:      heliophobic_arrival_enchanted_forest, layout_loops_ring,
          nicolae_the_louvre
D:2:      layout_loops_ring, shapermc_ecumenical_altar_hornbeckon, basic_altar

Skill      XL: |  1  2 |
---------------+-------+-----
Dodging        | 3 4 |  4.0
Fighting       | |  1.5
Ranged Weapons | |  4.4
Stealth        | |  1.5

Action                     || total
---------------------------++-------
   Fire: Shortbow          ||    71
    Use: Scroll            ||     3
 Armour: Robe              ||     7
  Dodge: Dodged            ||    21

Table legend:
 A = Non-vault XP
 B = Vault XP
 C = Vault XP percentage of total XP
 D = Non-vault monster count
 E = Vault monster count
 F = Vault count percentage of total count
                 A         B        C        D         E       F
            +---------+---------+-------+---------+---------+-------
      Total |      45 |       0 |   0.0 |      30 |       0 |   0.0
            +---------+---------+-------+---------+---------+-------
        D:1 |      38 |       0 |   0.0 |      26 |       0 |   0.0
        D:2 |       7 |       0 |   0.0 |       4 |       0 |   0.0
            +---------+---------+-------+---------+---------+-------
